 Dungeon Crawl Stone Soup version 0.31-a0-1178-gc5c9b8f (webtiles) character file.

Game seed: 12600454204571033825

1969156 Kearsarge the Merfolkian Porcupine (level 25, 234/234 HPs)
             Began as a Merfolk Fighter on Dec 11, 2023.
             Was an Initiate of Gozag.
             Escaped with the Orb
             ... and 3 runes!
             The game lasted 01:29:50 (47971 turns).

Kearsarge the Merfolkian Porcupine (MfFi)          Turns: 47971, Time: 01:29:50

Health: 234/234    AC: 36    Str: 34    XL:     25   Next: 83%
Magic:  20/20      EV: 35    Int:  9    God:    Gozag
Gold:   2231       SH: 39    Dex: 29    Spells: 24/24 levels left

rFire   + + .        W - +9 demon trident (heavy)
rCold   + . .        l - +8 tower shield {rC+}
rNeg    + + +        c - +13 chain mail "Vowoopul" {rF- rN++ Dex+5}
rPois   +            m - +3 hat "Vointer" {rF+}
rElec   +            e - +1 cloak "Bahax" {rPois Will+++ rCorr Str-2}
rCorr   +            C - +0 pair of gloves {Dex+3}
SInv    +            T - +2 pair of boots "Eluczydgh" {rF+ Dex+4}
Will    +++++        B - amulet of Rasirphant {Reflect Str+6 Dex+4 SH+5} Stlth
                     G - ring "Paliagh" {rElec rF+ Will+ Str+3}
HPRegen 0.59/turn    I - ring of the Lotus Blossom {rN+ SInv}
MPRegen 0.17/turn

%: reflection
@: studying Dodging
A: (nimble swimmer 2), mertail, low MP 1
0: Orb of Zot
}: 3/15 runes: barnacled, silver, gossamer
a: Renounce Religion, Potion Petition, Call Merchant, Bribe Branch


You escaped.
You worshipped Gozag.
Gozag was most pleased with you.
You visited 9 branches of the dungeon, and saw 47 of its levels.
You visited 1 bazaar.
You also visited: Bailey, Gauntlet and Desolation.

You collected 26492 gold pieces.
You spent 5101 gold pieces at shops.
You paid 19160 gold pieces to Gozag.

Inventory:

Hand Weapons
 W - a +9 heavy demon trident (weapon)
Missiles
 U - 2 throwing nets
Armour
 c - the +13 chain mail "Vowoopul" (worn) {rF- rN++ Dex+5}
   (You bought it in a shop on level 9 of the Dungeon)

   Dex+5:     It affects your dexterity (+5).
   rF-:       It makes you vulnerable to fire.
   rN++:      It greatly protects you from negative energy.
 e - the +1 cloak "Bahax" (worn) {rPois Will+++ rCorr Str-2}
   (You acquired it on level 4 of the Dungeon)

   Str-2:     It affects your strength (-2).
   rPois:     It protects you from poison Will+++: It greatly increases your
   willpower.
   rCorr:     It protects you from acid and corrosion.
 l - a +8 tower shield of cold resistance (worn)
 m - the +3 hat "Vointer" (worn) {rF+}
   (You found it on level 1 of the Orcish Mines)

   rF+:       It protects you from fire.
 C - a +0 pair of gloves of dexterity (worn)
 F - a scarf of resistance
 T - the +2 pair of boots "Eluczydgh" (worn) {rF+ Dex+4}
   (You found it in a Gauntlet)

   Dex+4:     It affects your dexterity (+4).
   rF+:       It protects you from fire.
Jewellery
 g - the ring "Puyfoak" {rPois rC+ Str+4}
   (You found it in a Gauntlet)

   [ring of protection from cold]

   Str+4:     It affects your strength (+4).
   rC+:       It protects you from cold.
   rPois:     It protects you from poison
 n - the ring "Filigoin" {rF+ Str+6 Stlth+}
   (You found it on level 5 of the Vaults)

   [ring of strength]

   Str+6:     It affects your strength (+6).
   rF+:       It protects you from fire.
   Stlth+:    It makes you more stealthy.
 B - the amulet of Rasirphant (around neck) {Reflect Str+6 Dex+4 SH+5}
   (You bought it in a shop on level 1 of the Lair of Beasts)

   [amulet of reflection]

   Reflect:   It reflects blocked missile attacks.
   Str+6:     It affects your strength (+6).
   Dex+4:     It affects your dexterity (+4).
   SH+5:      It affects your SH (+5).
 G - the ring "Paliagh" (left hand) {rElec rF+ Will+ Str+3}
   (You bought it in a shop on level 9 of the Dungeon)

   [ring of protection from fire]

   Str+3:     It affects your strength (+3).
   rF+:       It protects you from fire.
   rElec:     It insulates you from electricity.
   Will+:     It increases your willpower.
 H - an amulet of regeneration
 I - the ring of the Lotus Blossom (right hand) {rN+ SInv}
   (You found it on level 5 of the Vaults)

   [ring of positive energy]

   rN+:       It protects you from negative energy.
   SInv:      It lets you see invisible.
Talismans
 z - a granite talisman
Wands
 h - a wand of roots (26)
 k - a wand of mindburst (65)
 s - a wand of digging (16)
 K - a wand of paralysis (34)
 Z - a wand of light (29)
Scrolls
 a - 6 scrolls of poison
 f - 4 scrolls of blinking
 o - 4 scrolls of fear
 p - 5 scrolls of immolation
 A - 13 scrolls of teleportation
 E - 8 scrolls of vulnerability
 J - 5 scrolls of silence
 L - 4 scrolls of fog
 M - 2 scrolls of brand weapon
 P - 4 scrolls of torment
Potions
 b - 6 potions of haste
 d - a potion of might
 i - 8 potions of mutation
 j - 10 potions of heal wounds
 q - 7 potions of enlightenment
 r - 22 potions of curing
 t - 6 potions of magic
 u - 6 potions of resistance
 v - 4 potions of lignification
 w - 16 potions of ambrosia
 y - a potion of cancellation
 D - 2 potions of attraction
 O - 3 potions of berserk rage
 Q - 2 potions of invisibility
Miscellaneous
 x - a phantom mirror
 S - a lightning rod (4/4)
 V - a phial of floods
 X - a sack of spiders
 Y - a condenser vane


   Skills:
 O Level 27 Fighting
 O Level 27 Polearms
 + Level 12.4 Armour
 O Level 27 Dodging
 - Level 21.7 Shields


You had 24 spell levels left.
You didn't know any spells.
Your spell library contained the following spells:

 Spells                   Type           Power      Damage    Failure   Level
 Apportation              Tloc           0%         N/A       82%         1
 Freeze                   Ice            0%         1d3       82%         1
 Magic Dart               Conj           0%         1d3       82%         1
 Necrotise                Necr           0%         1d4       82%         1
 Slow                     Hex            0%         N/A       82%         1
 Sting                    Tmut/Pois      0%         1d3       82%         1
 Summon Small Mammal      Summ           0%         N/A       82%         1
 Blink                    Tloc           0%         N/A       91%         2
 Call Imp                 Summ           0%         N/A       91%         2
 Cigotuvi's Dreadful Rot  Necr/Pois/Air  0%         N/A       91%         2
 Ensorcelled Hibernation  Hex/Ice        0%         N/A       91%         2
 Jinxbite                 Hex            0%         N/A       91%         2
 Lesser Beckoning         Tloc           0%         N/A       91%         2
 Momentum Strike          Conj/Tloc      0%         3d8       91%         2
 Passwall                 Tmut/Erth      0%         N/A       91%         2
 Poisonous Vapours        Pois/Air       0%         N/A       91%         2
 Searing Ray              Conj           0%         2d4       91%         2
 Static Discharge         Conj/Air       0%         3-3/arc   91%         2
 Sublimation of Blood     Necr           0%         N/A       91%         2
 Call Canine Familiar     Summ           0%         N/A       99%         3
 Confusing Touch          Hex            0%         N/A       99%         3
 Dazzling Flash           Conj/Hex       0%         N/A       99%         3
 Frozen Ramparts          Ice            0%         1d1       99%         3
 Gell's Gravitas          Tloc           0%         N/A       99%         3
 Hailstorm                Conj/Ice       0%         3d5       99%         3
 Ignite Poison            Fire/Tmut/Pois 0%         N/A       99%         3
 Inner Flame              Hex/Fire       0%         N/A       99%         3
 Mephitic Cloud           Conj/Pois/Air  0%         N/A       99%         3
 Ozocubu's Armour         Ice            0%         N/A       99%         3
 Sigil of Binding         Hex            0%         N/A       99%         3
 Summon Guardian Golem    Hex/Summ       0%         N/A       99%         3
 Swiftness                Air            0%         N/A       99%         3
 Teleport Other           Tloc           0%         N/A       99%         3
 Tukima's Dance           Hex            0%         N/A       99%         3
 Vampiric Draining        Necr           0%         2d6       99%         3
 Airstrike                Air            0%         2d(0-16)  100%        4
 Anguish                  Hex/Necr       0%         N/A       100%        4
 Animate Armour           Summ/Erth      0%         N/A       100%        4
 Brom's Barrelling Bould  Conj/Erth      0%         2d3       100%        4
 Cause Fear               Hex            0%         N/A       100%        4
 Dimensional Bullseye     Hex/Tloc       0%         N/A       100%        4
 Fulminant Prism          Conj/Hex       0%         3d5       100%        4
 Iskenderun's Mystic Bla  Conj/Tloc      0%         2d3       100%        4
 Leda's Liquefaction      Hex/Erth       0%         N/A       100%        4
 Manifold Assault         Tloc           0%         N/A       100%        4
 Olgreb's Toxic Radiance  Pois           0%         N/A       100%        4
 Passage of Golubria      Tloc           0%         N/A       100%        4
 Petrify                  Tmut/Erth      0%         N/A       100%        4
 Sticky Flame             Conj/Fire      0%         2d3       100%        4
 Summon Ice Beast         Ice/Summ       0%         N/A       100%        4
 Summon Lightning Spire   Summ/Air       0%         N/A       100%        4
 Vhi's Electric Charge    Tloc/Air       0%         N/A       100%        4
 Agony                    Necr           0%         N/A       100%        5
 Alistair's Intoxication  Tmut/Pois      0%         N/A       100%        5
 Arcjolt                  Conj/Air       0%         1d10      100%        5
 Borgnjor's Vile Clutch   Necr/Erth      0%         N/A       100%        5
 Freezing Cloud           Conj/Ice/Air   0%         6-21      100%        5
 Irradiate                Conj/Tmut      0%         3d11      100%        5
 Iskenderun's Battlesphe  Conj           0%         2d6       100%        5
 Metabolic Englaciation   Hex/Ice        0%         N/A       100%        5
 Summon Forest            Summ/Tloc      0%         N/A       100%        5
 Summon Mana Viper        Hex/Summ       0%         N/A       100%        5
 Yara's Violent Unravell  Hex/Tmut       0%         3d3       100%        5
 Bombard                  Conj/Erth      0%         9d1       100%        6
 Dispersal                Tloc           0%         N/A       100%        6
 Eringya's Noxious Bog    Tmut/Pois      0%         4d6       100%        6
 Plasma Beam              Fire/Air       0%         2x1d10    100%        6
 Enfeeble                 Hex            0%         N/A       100%        7
 Monstrous Menagerie      Summ           0%         N/A       100%        7
 Orb of Destruction       Conj           0%         9d5       100%        7
 Ozocubu's Refrigeration  Ice            0%         4d7       100%        7
 Spellforged Servitor     Conj/Summ      0%         N/A       100%        7
 Summon Hydra             Summ           0%         N/A       100%        7
 Discord                  Hex            0%         N/A       100%        8
 Disjunction              Tloc           0%         N/A       100%        8
 Ignition                 Fire           0%         3d3       100%        8
 Polar Vortex             Ice            0%         N/A       100%        9
 Simulacrum               Ice/Necr       Unusable   N/A       N/A         6

Dungeon Overview and Level Annotations

Branches:
Dungeon (15/15)            Temple (0/1) D:7            Lair (5/5) D:8
 Shoals (4/4) Lair:3       Spider (4/4) Lair:2        Slime (0/5) Lair:4
    Orc (2/2) D:10            Elf (3/3) Orc:2        Vaults (5/5) D:14
  Crypt (0/3) Vaults:2     Depths (4/4) D:15            Zot (5/5) Depths:4
 Bailey (visited)         Desolation (visited)      Gauntlet (visited)

Altars:
Cheibriados
Dithmenos
Elyvilon
Fedhas
Gozag
Hepliaklqana
Kikubaaqudgha
Makhleb
Nemelex Xobeh
Okawaru
Qazlal
Sif Muna
Trog
Uskayaw
Vehumet
Xom
Yredelemnul
Zin
The Shining One
Lugonu

Shops:
D:3 !   D:4 !   D:6 :   D:9 [!=[?   D:14 =   Orc:2 =[!=   Lair:1 =   Lair:3 ((=
Lair:5 [   Shoals:3 [   Vaults:2 [   Vaults:4 (   Depths:4 :*:

Portals:
Hell: Depths:1 Depths:3
Abyss: D:3 Lair:3 Depths:3

Annotations:
D:3 2 runed translucent doors
D:4 2 transporters, PidgeyThePirate's ghost, amateur TeAE
D:14 3 runed translucent doors, Cantid's ghost, journeyman SpHu
Vaults:1 2 transporters, exclusion: orange crystal statue, Deul's ghost, adept FeBe; Ycago's ghost, veteran GrGl
Depths:3 2 transporters
Abyss:1 roomforsquares's ghost, journeyman FeBe


Innate Abilities, Weirdness & Mutations

((You are very nimble when in or above water. (Stealth+, EV+, Speed+++)))
Your lower body shifts to a powerful aquatic tail in water.
Your magical capacity is low. (-10% MP)


Message History

The vault sentinel casts a spell at you.
You resist with almost no effort.
The demonspawn corrupter calls forth creatures from the Elven Halls!
The vault sentinel blows a loud note on a signal horn!
An Orb Guardian comes into view.
The vault sentinel blows a loud note on a signal horn!
The demonspawn corrupter calls down the wrath of Lugonu upon you.
The entropic weave corrodes you!
There is an escape hatch in the ceiling here.
Okay, then.
The vault sentinel disappears in a puff of smoke!
You block the Orb Guardian's attack. A mysterious force pulls you upwards.
The hatch slams shut behind you.
Level annotation: 2 runed translucent doors What level of the Dungeon? (default 1, ? - help) HP restored.
A hell beast comes into view.
There is a stone staircase leading up here.
You climb upwards.
There is a stone staircase leading down here.
What level of the Dungeon? (default 1, ? - help)
You are no longer corroded.
There is an open door here.
There is an open door here.
There is a stone staircase leading up here.
You climb upwards.
There is a stone staircase leading down here.
An orange demon comes into view.
Blink to where?
Press: ? - help, Q - select action, (/) - cycle Dir - move target
As you read the scroll of blinking, it crumbles to dust.
Blink to where?
Press: ? - help, Q - select action, (/) - cycle Dir - move target
As you read the scroll of blinking, it crumbles to dust.
A shadow demon comes into view.
The shadow demon moves out of view.
There is a staircase leading out of the dungeon here.
You can't go down here!
You can't go down here!
You have escaped!

.########.##.........## .#
#..........#.....## .#
#.##......###.....## ##
##.##.....#####.....######### #
###..(.....#.....#.....##...... #
#.........###2..###.....#.####.
###.#......#####.#####......####.
....[.....#...........#..........
###......###....@....###.....#.#.
#.....#####.......#####....#...
#....#.....#.....#.....#.......
##..###...###...###...###..####
## #.#####.#####.#####.#####.....
.# #.........................####
.# #####...#####.#..#####.#######
.#######...#####....# #.#........
....................# #.#......P.


You could see a shadow demon.

Vanquished Creatures
  2 dread liches (Vaults:5)
  2 ancient liches
  Boris (thrice) (Vaults:5 Depths:3 Depths:4)
  Bai Suzhen (Shoals:4)
  2 curse toes
  The ghost of Picukuw the Worldbinder, a veteran MfSu of Hepliaklqana (Depths:1)
  A golden dragon (Zot:3)
  Saint Roka (Vaults:2)
  2 bone dragons (Depths:4)
  A profane servitor (Depths:3)
  A Tzitzimitl (Depths:3)
  Arachne (Spider:2)
  An electric golem (Zot:3)
  Jorgrun (Orc:2)
  A walking crystal tome (Depths:2)
  8 tentacled monstrosities
  Zenata (Vaults:4)
  4 titans (Vaults:5)
  4 Orb Guardians
  2 deep elf blademasters (Elf:3)
  6 sphinxes
  2 deep elf master archers
  4 quicksilver dragons
  A kraken (Shoals:3)
  Frances (D:14)
  Gastronok (D:11)
  5 shadow dragons
  Agnes (Spider:2)
  7 storm dragons
  Kirke (Shoals:2)
  4 draconian monks
  6 tengu reavers
  Roxanne (Shoals:2)
  Aizul (Spider:1)
  8 fire giants
  Ilsuiw (Shoals:2)
  A daeva (Depths:4)
  4 frost giants
  2 iron dragons
  4 deep elf sorcerers
  2 draconian knights
  5 draconian scorchers
  2 draconian shifters
  An imperial myrmidon (Desolation)
  3 deep elf elementalists (Elf:3)
  5 ghost moths
  4 emperor scorpions
  18 vault wardens
  5 draconian annihilators
  A formless jellyfish (Vaults:1)
  A reaper (Depths:3)
  A spriggan defender (Depths:1)
  The ghost of gwaga3 the Marksant, a journeyman FoHu of Gozag (Lair:4)
  5 orc warlords
  3 broodmothers
  11 stone giants
  2 draconian stormcallers
  23 very ugly things
  A demonspawn blood saint (Depths:3)
  19 ironbound preservers
  3 vampire knights
  7 green draconians
  3 war gargoyles
  An ironbound thunderhulk (Vaults:2)
  A demonspawn black sun (Depths:3)
  Nessos (Lair:4)
  7 deep elf demonologists
  6 dire elephants
  4 red draconians
  4 yellow draconians
  4 halazid warlocks (Desolation)
  7 purple draconians
  5 black draconians
  A minotaur (Gauntlet)
  Azrael (Spider:2)
  The ghost of waagh the Martial Artist, a journeyman OpBe of Trog (Lair:3)
  11 deep elf annihilators
  11 white draconians
  7 spark wasps
  3 deep elf death magi (Elf:3)
  7 ettins
  A blizzard demon (Depths:3)
  7 fire dragons
  14 yaktaur captains
  A crystal guardian (Desolation)
  4 entropy weavers
  9 merfolk impalers
  5 ragged hierophants
  4 rakshasas
  5 deep elf high priests
  7 great orbs of eyes
  Fannar (D:11)
  28 vault guards
  5 servants of whispers (Desolation)
  A sphinx zombie (Vaults:4)
  6 hydras
  An alligator snapping turtle (Shoals:2)
  3 spriggan air magi
  Harold (D:11)
  10 ice dragons
  A jorogumo (Spider:3)
  4 catoblepae
  21 centaur warriors
  A hell beast (Depths:4)
  2 merfolk avatars
  6 peacekeepers
  2 ogre magi (Vaults:5)
  2 radroaches
  Erica (D:8)
  17 ironbound frosthearts
  A death knight (D:15)
  3 merfolk aquamancers
  7 dancing weapons
  A ghost crab (Spider:1)
  7 boulder beetles
  A satyr (Shoals:2)
  7 deep troll earth magi
  10 two-headed ogres
  5 demonic crawlers
  2 two-headed ogres (shapeshifter)
  4 death yaks (Lair:3)
  4 deep troll shamans
  7 tengu warriors
  6 spriggan berserkers
  A soul eater (Lair:3)
  5 orc high priests (Orc:2)
  4 sun demons (Shoals:3)
  Nergalle (Lair:2)
  2 skysharks
  10 hell knights
  3 pharaoh ants
  13 deep elf knights
  4 iron trolls
  A skeletal warrior (D:14)
  A sixfirhy (Depths:4)
  Lodul (D:11)
  11 sea snakes
  A death drake (Gauntlet)
  8 orb spiders
  3 glowing orange brains
  2 sun moths (Shoals:3)
  2 flayed ghosts
  16 harpies
  42 deep trolls
  9 arcanists
  14 ironbound convokers
  7 deep elf archers (Elf:1)
  3 phantasmal warriors
  3 necromancers
  10 orc knights
  Pikel (D:9)
  4 steelbarb worms
  26 deep elf zephyrmancers
  A shining eye (shapeshifter) (Vaults:4)
  4 lindwurms
  10 orc sorcerers
  6 cyclopes
  16 wolf spiders
  11 fauns
  26 deep elf pyromancers
  A spectral deep troll (Depths:2)
  39 ugly things
  12 manticores
  19 moths of wrath
  Joseph (D:8)
  13 elephants
  3 black mambas
  2 guardian serpents (Desolation)
  2 human skeletons
  2 spectral centaurs (Gauntlet)
  A molten gargoyle (Desolation)
  A centaur zombie (Gauntlet)
  A smoke demon (D:10)
  A water nymph (shapeshifter) (Vaults:4)
  3 kobold blastminers (Orc:2)
  12 merfolk sirens
  5 water nymphs
  3 torpor snails
  10 vault sentinels
  A yaktaur zombie (Vaults:2)
  Maggie (D:6)
  7 cane toads
  Jeremiah (D:9)
  13 komodo dragons
  4 kobold demonologists
  4 unseen horrors
  36 yaktaurs
  2 rime drakes
  2 freezing wraiths (Vaults:4)
  A yaktaur skeleton (Vaults:4)
  An ice devil (D:14)
  A burning bush (Lair:5)
  Psyche (D:8)
  4 tyrant leeches (Spider:1)
  12 meliai
  A queen bee (Spider:1)
  8 trolls
  21 merfolk
  A merfolk (shapeshifter) (Vaults:5)
  27 blink frogs
  A polar bear (shapeshifter) (D:13)
  6 wind drakes
  A hornet (shapeshifter) (D:14)
  2 polar bears (Lair:5)
  A red devil (Lair:3)
  8 hornets
  18 tarantellas
  13 dream sheep
  46 saltlings
  10 snapping turtles
  A glass eye (Depths:2)
  21 jumping spiders
  16 slime creatures
  9 culicivoras
  38 yaks
  2 vampires
  An air elemental (Elf:1)
  4 spriggans
  7 fire elementals
  10 water elementals
  3 shadows
  4 hogs
  A wraith (D:12)
  4 wyverns
  A steam dragon (D:9)
  Grum (D:9)
  A human (D:13)
  57 redbacks
  15 vampire mosquitoes
  7 basilisks
  A human zombie (Vaults:2)
  6 wargs
  A swamp worm (shapeshifter) (Vaults:5)
  Edmund (D:6)
  14 water moccasins
  A swamp drake (Orc:1)
  3 hell hounds (Spider:2)
  56 orc warriors
  2 sky beasts (D:7)
  3 ice beasts
  5 black bears
  13 boggarts
  28 ogres
  32 wolves
  10 centaurs
  2 lemures (D:9)
  A phantom (D:6)
  8 kobold brigands
  A gnoll sergeant (D:9)
  7 bullfrogs
  6 scorpions
  8 wights
  26 killer bees
  8 howler monkeys
  8 electric eels
  A crimson imp (Orc:1)
  2 hounds
  An iron imp (Orc:1)
  31 orc priests
  A jelly (D:7)
  2 gnoll boudas
  A sleepcap (D:5)
  A boggart zombie (Gauntlet)
  2 iguanas
  27 orc wizards
  2 centaur simulacra
  2 killer bee simulacra (D:8)
  30 gnolls
  12 adders
  3 shadow imps
  A white imp (Orc:1)
  2 ufetubi (D:8)
  2 worms
  3 dart slugs
  130 orcs
  6 ball pythons
  5 endoplasms
  3 giant cockroaches
  7 goblins
  13 hobgoblins
  36 kobolds
  6 quokkas
  6 bats
  4 frilled lizards
  6 rats
  2 tentacles (Shoals:3)
2016 creatures vanquished.

Vanquished Creatures (collateral kills)
  2 dread liches (Zot:5)
  A pandemonium lord (Zot:5)
  An ancient lich (Zot:5)
  An orb of fire (Zot:5)
  3 Killer Klowns (Zot:5)
  A golden dragon (Vaults:5)
  An electric golem (Zot:5)
  A Hell Sentinel (Zot:5)
  5 Orb Guardians (Zot:5)
  A sphinx (Vaults:5)
  A titan (Vaults:5)
  A shadow dragon (Zot:5)
  A draconian knight (Zot:5)
  A draconian shifter (Zot:5)
  A red draconian (Zot:5)
  A yellow draconian (Zot:5)
  A lorocyproca (Zot:5)
  A purple draconian (Zot:5)
  2 ettins (Vaults:5)
  2 deep elf high priests (Vaults:5)
  3 yaktaur captains (Vaults:5)
  An orb spider (shapeshifter) (Vaults:5)
  3 ironbound convokers (Vaults:5)
  A phantasmal warrior (Vaults:5)
  2 moths of wrath (Zot:5)
  A vault sentinel (Vaults:5)
  An orange demon (Zot:5)
  A ynoxinul (Zot:5)
42 creatures vanquished.

Vanquished Creatures (others)
  A dread lich (Vaults:5)
  4 Killer Klowns (Zot:5)
  2 curse toes (Zot:5)
  An electric golem (Zot:5)
  15 Orb Guardians (Zot:5)
  4 tentacled monstrosities
  A quicksilver dragon (Zot:5)
  A sphinx (Vaults:5)
  2 titans (Vaults:5)
  A shadow dragon (Vaults:5)
  A tengu reaver (Vaults:5)
  2 death cobs (Zot:5)
  A storm dragon (Vaults:5)
  A deep elf sorcerer (Vaults:5)
  A frost giant (Depths:4)
  4 vault wardens (Vaults:5)
  2 stone giants (Vaults:5)
  A war gargoyle (Vaults:5)
  3 deep elf demonologists (Vaults:5)
  A deep elf annihilator (Elf:3)
  An ettin (Vaults:5)
  A deep elf high priest (Vaults:5)
  An entropy weaver (Vaults:5)
  4 yaktaur captains (Vaults:5)
  11 vault guards (Vaults:5)
  A merfolk aquamancer (Shoals:4)
  A dancing weapon (Elf:3)
  A shock serpent (Zot:2)
  4 deep trolls (Vaults:5)
  An ironbound convoker (Vaults:5)
  A deep elf pyromancer (Elf:3)
  A faun (Shoals:2)
  A moth of wrath (Zot:5)
  3 vault sentinels (Vaults:5)
  3 yaktaurs (Vaults:5)
  A saltling (Desolation)
  3 humans (Shoals:2)
  An orc priest (Orc:2)
  A gnoll (D:6)
  An orc (Orc:1)
  A kobold (D:9)
  6 tentacles (Shoals:3)
98 creatures vanquished.

Grand Total: 2156 creatures vanquished

Notes
Turn   | Place    | Note
-------+----------+-------------------------------------------
     0 | D:1      | Kearsarge the Merfolk Fighter began the quest for the Orb.
     0 | D:1      | Reached XP level 1. HP: 18/18 MP: 1/1
    24 | D:1      | Found a faded altar of an unknown god.
    61 | D:1      | Reached XP level 2. HP: 24/24 MP: 2/2
   568 | D:1      | Got the Vademecum on Malisons and the Winter
   698 | D:2      | Reached XP level 3. HP: 19/30 MP: 3/3
  1594 | D:3      | Reached XP level 4. HP: 37/37 MP: 4/4
  1614 | D:3      | Found a large runed translucent door.
  1615 | D:3      | Found a large runed translucent door.
  1625 | D:3      | Found a corrupted altar of Lugonu.
  1659 | D:3      | Found an opulent altar of Gozag.
  1664 | D:3      | Reached skill level 5 in Polearms
  1667 | D:3      | Became a worshipper of Gozag Ym Sagoz the Greedy
  1682 | D:3      | Noticed an ogre
  1725 | D:3      | Noticed an ogre
  1726 | D:3      | Found a glowing golden altar of the Shining One.
  1767 | D:3      | Killed an ogre
  1768 | D:3      | Reached XP level 5. HP: 43/43 MP: 5/5
  1821 | D:3      | Found Wenenet's Distillery.
  1828 | D:3      | Bought a potion of heal wounds for 55 gold pieces
  1828 | D:3      | Bought a potion of lignification for 33 gold pieces
  1975 | D:3      | Killed an ogre
  1976 | D:3      | Reached skill level 5 in Fighting
  1976 | D:3      | Reached XP level 6. HP: 33/51 MP: 6/6
  2381 | D:3      | Found a hide-covered altar of Uskayaw.
  2695 | D:3      | Found a one-way gate to the infinite horrors of the Abyss.
  2843 | D:4      | Identified a scroll of acquirement
  2843 | D:4      | Acquired the +1 cloak "Bahax" {rPois Will+++ rCorr Str-2}
  2894 | D:4      | Found Yroamit's Distillery.
  2907 | D:4      | Bought a potion of curing for 36 gold pieces
  2969 | D:3      | Bought a potion of lignification for 33 gold pieces
  2969 | D:3      | Bought a potion of haste for 110 gold pieces
  2969 | D:3      | Bought 2 potions of curing for 66 gold pieces
  2969 | D:3      | Bought a potion of might for 44 gold pieces
  2992 | D:4      | Reached XP level 7. HP: 27/57 MP: 7/7
  3011 | D:3      | Bought a potion of lignification for 33 gold pieces
  3267 | D:4      | Found a bloodstained altar of Trog.
  3385 | D:4      | Found a transporter.
  3397 | D:4      | Noticed PidgeyThePirate's ghost (amateur TeAE)
  3418 | D:4      | Found a transporter.
  3506 | D:5      | Entered Level 5 of the Dungeon
  3857 | D:5      | Reached XP level 8. HP: 31/65 MP: 8/8
  4072 | D:5      | Reached skill level 10 in Polearms
  4303 | D:5      | Found a glowing silver altar of Zin.
  4456 | D:6      | Noticed Edmund
  4475 | D:6      | Killed Edmund
  4677 | D:6      | Found Vainae's Book Boutique.
  4683 | D:6      | Noticed Maggie
  4735 | D:6      | Killed Maggie
  4736 | D:6      | Reached XP level 9. HP: 41/74 MP: 9/9
  4992 | D:6      | Found a burning altar of Makhleb.
  5170 | D:4      | Bought a potion of might for 48 gold pieces
  5170 | D:4      | Bought a potion of haste for 120 gold pieces
  5170 | D:4      | Bought a potion of haste for 120 gold pieces
  5170 | D:4      | Bought a potion of invisibility for 96 gold pieces
  5284 | D:7      | Found a staircase to the Ecumenical Temple.
  5384 | D:7      | Found a flagged portal.
  5417 | Bailey   | Entered a bailey
  5913 | D:7      | Found a radiant altar of Vehumet.
  5930 | D:7      | Found a shadowy altar of Dithmenos.
  6194 | D:7      | Found a shimmering blue altar of Sif Muna.
  6391 | D:7      | Got Sif Muna's Tractate on the Gift
  6719 | D:8      | Noticed Joseph
  6719 | D:8      | Noticed Erica
  6724 | D:8      | Killed Erica
  6725 | D:8      | Reached skill level 15 in Polearms
  6725 | D:8      | Reached XP level 10. HP: 72/84 MP: 10/10
  6725 | D:8      | Killed Joseph
  6871 | D:8      | Found a stormy altar of Qazlal.
  6878 | D:8      | Noticed a kobold demonologist
  6878 | D:8      | Noticed a kobold demonologist
  6885 | D:8      | Noticed a kobold demonologist
  7021 | D:8      | Found a sparkling altar of Nemelex Xobeh.
  7066 | D:8      | Killed a kobold demonologist
  7067 | D:8      | Reached skill level 10 in Fighting
  7077 | D:8      | Killed a kobold demonologist
  7102 | D:8      | Killed a kobold demonologist
  7140 | D:8      | Found an ancient bone altar of Kikubaaqudgha.
  7399 | D:8      | Noticed Psyche
  7408 | D:8      | Killed Psyche
  7425 | D:8      | Reached XP level 11. HP: 80/93 MP: 11/11
  7501 | D:8      | Found a staircase to the Lair.
  7651 | D:8      | Found a shimmering altar of Xom.
  7723 | D:9      | Noticed Jeremiah
  7767 | D:9      | Noticed Grum
  7773 | D:9      | Killed Jeremiah
  7779 | D:9      | Killed Grum
  7962 | D:9      | Found Plog's Antique Armour Shoppe.
  7965 | D:9      | Bought a faintly humming kite shield for 247 gold pieces
  7965 | D:9      | Identified the +4 kite shield of Vanity {Str+3 Int+3} (You
                  | bought it in a shop on level 9 of the Dungeon)
  8003 | D:9      | Bought a dazzling chain mail for 247 gold pieces
  8003 | D:9      | Identified the +13 chain mail "Vowoopul" {rF- rN++ Dex+5}
                  | (You bought it in a shop on level 9 of the Dungeon)
  8007 | D:9      | Bought a smouldering chain mail for 247 gold pieces
  8007 | D:9      | Identified the +7 chain mail of the Game Afoot {+Inv rN+
                  | Slay+3} (You bought it in a shop on level 9 of the Dungeon)
  8046 | D:9      | Noticed Pikel
  8081 | D:9      | Killed Pikel
  8208 | D:9      | Found a white marble altar of Elyvilon.
  8672 | D:9      | Found Luefasod's Magic Scroll Boutique.
  8679 | D:9      | Bought a scroll of blinking for 75 gold pieces
  8679 | D:9      | Bought a scroll of immolation for 40 gold pieces
  8679 | D:9      | Bought 2 scrolls of immolation for 80 gold pieces
  8679 | D:9      | Bought a scroll of identify for 20 gold pieces
  8718 | D:9      | Found Libe's Distillery.
  8726 | D:9      | Bought a potion of might for 52 gold pieces
  8726 | D:9      | Bought a potion of heal wounds for 65 gold pieces
  8726 | D:9      | Bought a potion of heal wounds for 65 gold pieces
  8767 | D:9      | Found Katheack's Antique Armour Shoppe.
  8839 | D:9      | Found Voap's Jewellery Emporium.
  8897 | D:10     | Entered Level 10 of the Dungeon
  9182 | D:10     | Found a staircase to the Orcish Mines.
  9515 | D:10     | Found a blossoming altar of Fedhas.
  9691 | D:11     | Noticed a two-headed ogre
  9722 | D:11     | Killed a two-headed ogre
  9794 | D:11     | Noticed a green ugly thing
  9808 | D:11     | Killed a green ugly thing
  9886 | D:11     | Noticed Fannar
  9912 | D:11     | Killed Fannar
  9913 | D:11     | Reached skill level 5 in Shields
 10041 | D:11     | Noticed Lodul
 10062 | D:11     | Killed Lodul
 10063 | D:11     | Reached XP level 12. HP: 102/102 MP: 12/12
 10145 | D:9      | Bought the ring "Paliagh" {rElec rF+ Will+ Str+3} for 559
                  | gold pieces
 10221 | D:11     | Noticed Harold
 10251 | D:11     | Killed Harold
 10252 | D:11     | Reached skill level 5 in Dodging
 10359 | D:11     | Noticed Gastronok
 10504 | D:11     | Killed Gastronok
 10771 | Orc:1    | Entered Level 1 of the Orcish Mines
 11318 | Orc:1    | Identified the +3 hat "Vointer" {rF+}
 11707 | Orc:2    | Entered Level 2 of the Orcish Mines
 11712 | Orc:2    | Noticed a two-headed ogre
 11734 | Orc:2    | Killed a two-headed ogre
 11772 | Orc:2    | Noticed a two-headed ogre
 11782 | Orc:2    | Killed a two-headed ogre
 11811 | Orc:2    | Noticed a two-headed ogre
 11847 | Orc:2    | Killed a two-headed ogre
 12022 | Orc:2    | Noticed Jorgrun
 12026 | Orc:2    | Noticed an ettin
 12084 | Orc:2    | Killed Jorgrun
 12085 | Orc:2    | Reached skill level 10 in Shields
 12085 | Orc:2    | Reached XP level 13. HP: 108/108 MP: 13/13
 12125 | Orc:2    | Reached skill level 10 in Dodging
 12288 | Orc:2    | Found Boetat's Antique Armour Shoppe.
 12294 | Orc:2    | Bought a pair of glowing boots for 262 gold pieces
 12311 | Orc:2    | Found Qunaz's Jewellery Emporium.
 12760 | Orc:2    | Killed an ettin
 13063 | Orc:2    | Noticed an orc warlord
 13102 | Orc:2    | Killed an orc warlord
 13208 | Orc:2    | Reached skill level 15 in Dodging
 13282 | Orc:2    | Found Hiuties's Jewellery Boutique.
 13367 | Orc:2    | Found Xecuoq's Distillery.
 13376 | Orc:2    | Bought a potion of ambrosia for 112 gold pieces
 13376 | Orc:2    | Bought a potion of haste for 140 gold pieces
 13376 | Orc:2    | Bought a potion of berserk rage for 70 gold pieces
 13439 | Orc:2    | Bought a potion of curing for 42 gold pieces
 13439 | Orc:2    | Bought a potion of curing for 42 gold pieces
 13439 | Orc:2    | Bought a potion of curing for 42 gold pieces
 13604 | Orc:2    | Found a staircase to the Elven Halls.
 13715 | Orc:2    | Got the Information on Geomancy
 14039 | Lair:1   | Entered Level 1 of the Lair of Beasts
 14051 | Lair:1   | Reached XP level 14. HP: 115/115 MP: 14/14
 14052 | Lair:1   | Bought the amulet of Rasirphant {Reflect Str+6 Dex+4 SH+5}
                  | for 1160 gold pieces
 15033 | Lair:2   | Found a hole to the Spider Nest.
 15194 | Lair:2   | Noticed Nergalle
 15219 | Lair:2   | Killed Nergalle
 16006 | Lair:3   | Found a staircase to the Shoals.
 16045 | Lair:3   | Found a gate leading to a gauntlet.
 16070 | Gauntlet | Entered a Gauntlet
 16070 | Gauntlet | Found a transporter.
 16070 | Gauntlet | Found a transporter.
 16071 | Gauntlet | Found a transporter.
 16080 | Gauntlet | Found a transporter.
 16082 | Gauntlet | Found a transporter.
 16082 | Gauntlet | Found a large runed translucent door.
 16083 | Gauntlet | Found a large runed translucent door.
 16084 | Gauntlet | Found a large runed translucent door.
 16084 | Gauntlet | Found a large runed translucent door.
 16084 | Gauntlet | Found a runed translucent door.
 16084 | Gauntlet | Found a runed translucent door.
 16085 | Gauntlet | Found a large runed translucent door.
 16085 | Gauntlet | Found a large runed translucent door.
 16085 | Gauntlet | Found a large runed translucent door.
 16085 | Gauntlet | Found a large runed translucent door.
 16086 | Gauntlet | Found a large runed translucent door.
 16087 | Gauntlet | Found a large runed translucent door.
 16087 | Gauntlet | Found a large runed translucent door.
 16088 | Gauntlet | Found a large runed translucent door.
 16088 | Gauntlet | Found a large runed translucent door.
 16089 | Gauntlet | Found a runed translucent gate.
 16089 | Gauntlet | Found a runed translucent gate.
 16089 | Gauntlet | Found a runed translucent gate.
 16092 | Gauntlet | Found a transporter.
 16097 | Gauntlet | Found a transporter.
 16103 | Gauntlet | Found a large runed translucent door.
 16104 | Gauntlet | Found a large runed translucent door.
 16113 | Gauntlet | Found a large runed translucent door.
 16158 | Gauntlet | Found a transporter.
 16168 | Gauntlet | Found a transporter.
 16183 | Gauntlet | Found a transporter.
 16193 | Gauntlet | Found a transporter.
 16208 | Gauntlet | Found a transporter.
 16301 | Gauntlet | Identified the +2 pair of boots "Eluczydgh" {rF+ Dex+4}
 16540 | Gauntlet | Identified the ring "Puyfoak" {rPois rC+ Str+4}
 16554 | Gauntlet | Identified the +3 battleaxe of the Desert {heavy, rC- Will+
                  | Str+5 Int+3}
 16656 | Lair:3   | Found a transporter.
 16662 | Lair:3   | Found a transporter.
 16666 | Lair:3   | Noticed waagh's ghost (journeyman OpBe)
 17029 | Lair:3   | Killed waagh's ghost
 17055 | Lair:3   | Reached XP level 15. HP: 95/120 MP: 15/15
 17556 | Lair:4   | Noticed Nessos
 17573 | Lair:4   | Killed Nessos
 17790 | Lair:4   | Found a staircase to the Slime Pits.
 18234 | Lair:4   | Found a runed translucent gate.
 18236 | Lair:4   | Found a runed translucent gate.
 18236 | Lair:4   | Found a runed translucent gate.
 18237 | Lair:4   | Noticed roomforsquares's ghost (journeyman FeBe)
 18237 | Lair:4   | Noticed gwaga3's ghost (journeyman FoHu)
 18420 | Lair:4   | Killed gwaga3's ghost
 18422 | Lair:4   | Banished roomforsquares's ghost
 18431 | Lair:4   | Acquired 669 gold pieces
 18564 | Lair:5   | Entered Level 5 of the Lair of Beasts
 20160 | D:12     | Reached XP level 16. HP: 127/127 MP: 16/16
 21851 | D:14     | Got Ejiuf's Vellum of Malisons
 21929 | D:14     | Found a gate to the Vaults.
 22148 | D:14     | Found a snail-covered altar of Cheibriados.
 22232 | D:14     | Found a runed translucent gate.
 22232 | D:14     | Found a runed translucent gate.
 22232 | D:14     | Found a runed translucent gate.
 22238 | D:14     | Noticed Cantid's ghost (journeyman SpHu)
 22239 | D:14     | Found an iron altar of Okawaru.
 22304 | D:14     | Noticed Frances
 22327 | D:14     | Killed Frances
 22698 | Elf:1    | Entered Level 1 of the Elven Halls
 22837 | Elf:1    | Identified the +4 morningstar of the Bespelling Augurer
                  | {heavy, ^Drain Will+++ Str+3 Int+3}
 22944 | Elf:1    | Reached skill level 15 in Shields
 23434 | Elf:1    | Found a huge runed translucent gate.
 23434 | Elf:1    | Found a huge runed translucent gate.
 23434 | Elf:1    | Found a huge runed translucent gate.
 23434 | Elf:1    | Found a huge runed translucent gate.
 23434 | Elf:1    | Found a huge runed translucent gate.
 23434 | Elf:1    | Found a huge runed translucent gate.
 23434 | Elf:1    | Found a huge runed translucent gate.
 23434 | Elf:1    | Found a huge runed translucent gate.
 23434 | Elf:1    | Found a huge runed translucent gate.
 23434 | Elf:1    | Found a huge runed translucent gate.
 23434 | Elf:1    | Found a huge runed translucent gate.
 23435 | Elf:1    | Found a huge runed translucent gate.
 23435 | Elf:1    | Found a huge runed translucent gate.
 23435 | Elf:1    | Found a huge runed translucent gate.
 23435 | Elf:1    | Found a huge runed translucent gate.
 23435 | Elf:1    | Found a huge runed translucent gate.
 23435 | Elf:1    | Found a huge runed translucent gate.
 23435 | Elf:1    | Found a huge runed translucent gate.
 23435 | Elf:1    | Found a huge runed translucent gate.
 23435 | Elf:1    | Found a huge runed translucent gate.
 23612 | Elf:1    | Reached XP level 17. HP: 133/133 MP: 17/17
 23644 | Elf:1    | Noticed a deep elf master archer
 23658 | Elf:1    | Killed a deep elf master archer
 23788 | Elf:2    | Found a crumbling gateway.
 23819 | Desolati | Entered the Desolation of Salt
 24089 | Desolati | Identified the ring "Cyebb" {rPois rF+ Int+4 Dex-2}
 24091 | Desolati | Got the Compilation of Amalgamated Aeromancy
 24094 | Desolati | Got Bueruj's Monograph on Hexes
 24095 | Desolati | Identified the +4 broad axe "Onlum" {venom, rElec Str+4
                  | Stlth+}
 24660 | Desolati | Identified the +3 great mace of Conformity {freeze, Will++
                  | Stlth+}
 24662 | Desolati | Got the Octavo of Frostbite and Shaping
 24908 | Desolati | Identified the ring "Arhiubro" {Will+ Str+3}
 24942 | Desolati | Identified the ring of Zuex {rElec Str+6}
 25304 | Elf:3    | Entered Level 3 of the Elven Halls
 25614 | Elf:3    | Noticed a Brimstone Fiend
 25624 | Elf:3    | Noticed an Ice Fiend
 25658 | Elf:3    | Reached XP level 18. HP: 68/140 MP: 18/18
 25670 | Elf:3    | Noticed a deep elf master archer
 25688 | Elf:3    | Killed a deep elf master archer
 25815 | Elf:3    | Identified the ring "Baplimue" {rN+ Will- rCorr Int+6}
 25818 | Elf:3    | Noticed a deep elf blademaster
 25839 | Elf:3    | Killed a deep elf blademaster
 25861 | Elf:3    | Noticed a deep elf blademaster
 25871 | Elf:3    | Killed a deep elf blademaster
 25875 | Elf:3    | Identified the +10 plate armour of Objectivity {Dex+4}
 25898 | Elf:3    | Noticed a deep elf master archer
 25906 | Elf:3    | Banished a deep elf master archer
 25917 | Elf:3    | Identified the +4 sling of Destiny {speed, rC+ rN+ Int-2}
 25942 | Elf:3    | Identified the +3 orcbow "Peawot" {drain, rElec rF+ Str-3
                  | Dex+5}
 25949 | Elf:3    | Got the Handbook of Frostbound Apparitions
 26983 | Shoals:1 | Entered Level 1 of the Shoals
 27582 | Shoals:2 | Noticed Ilsuiw
 27650 | Shoals:2 | Killed Ilsuiw
 27880 | Shoals:2 | Noticed Kirke
 28022 | Shoals:2 | Killed Kirke
 28166 | Shoals:2 | Noticed Roxanne
 28187 | Shoals:2 | Killed Roxanne
 28188 | Shoals:2 | Reached XP level 19. HP: 95/146 MP: 19/19
 28556 | Shoals:3 | Acquired a +1 tower shield of cold resistance
 28762 | Shoals:3 | Found Gawu's Antique Armour Emporium.
 28995 | Shoals:4 | Entered Level 4 of the Shoals
 29042 | Shoals:4 | Noticed Bai Suzhen
 29438 | Shoals:4 | Killed Bai Suzhen
 29545 | Shoals:4 | Got a barnacled rune of Zot
 29756 | Shoals:4 | Identified the +2 cloak of Qablut {rN+ rCorr}
 30305 | Spider:1 | Entered Level 1 of the Spider Nest
 30312 | Spider:1 | Identified the serpent talisman "Kocuneck" {rF+ rN+ Int-2}
 30312 | Spider:1 | Noticed Aizul
 30323 | Spider:1 | Killed Aizul
 31827 | Spider:2 | Noticed Agnes
 31828 | Spider:2 | Noticed Azrael
 31833 | Spider:2 | Killed Agnes
 31841 | Spider:2 | Killed Azrael
 32028 | Spider:2 | Noticed Arachne
 32046 | Spider:2 | Killed Arachne
 32308 | Spider:2 | Reached skill level 15 in Fighting
 32705 | Spider:3 | Reached XP level 20. HP: 160/162 MP: 20/20
 33549 | Spider:4 | Entered Level 4 of the Spider Nest
 34308 | Spider:4 | Got a gossamer rune of Zot
 35046 | Vaults:1 | Entered Level 1 of the Vaults
 35120 | Vaults:1 | Found a flickering gateway to a bazaar.
 35135 | Bazaar   | Entered a bazaar
 35168 | Bazaar   | Found Vefoz's Book Boutique.
 35168 | Bazaar   | Found Ylih Agose's Weapon Shop.
 35196 | Bazaar   | Found Abrawit's Magic Scroll Shop.
 35196 | Bazaar   | Found Coiz's Magic Scroll Boutique.
 35202 | Bazaar   | Bought a scroll of fear for 52 gold pieces
 35202 | Bazaar   | Bought a scroll of enchant armour for 97 gold pieces
 35213 | Bazaar   | Bought a scroll of teleportation for 39 gold pieces
 35213 | Bazaar   | Bought a scroll of immolation for 52 gold pieces
 35213 | Bazaar   | Bought a scroll of enchant weapon for 97 gold pieces
 35213 | Bazaar   | Bought a scroll of blinking for 97 gold pieces
 35213 | Bazaar   | Bought a scroll of teleportation for 39 gold pieces
 35213 | Bazaar   | Bought a scroll of blinking for 97 gold pieces
 35518 | Vaults:1 | Noticed Deul's ghost (adept FeBe)
 35526 | Vaults:1 | Found a transporter.
 35527 | Vaults:1 | Noticed Ycago's ghost (veteran GrGl)
 35533 | Vaults:1 | Noticed a golden dragon
 35538 | Vaults:1 | Found a transporter.
 36251 | Vaults:1 | Reached XP level 21. HP: 176/176 MP: 21/21
 36552 | Vaults:2 | Noticed Saint Roka
 36612 | Vaults:2 | Killed Saint Roka
 36827 | Vaults:2 | Noticed an ancient lich
 36846 | Vaults:2 | Killed an ancient lich
 37586 | Vaults:2 | Found a staircase to the Crypt.
 37586 | Vaults:2 | Found a basalt altar of Yredelemnul.
 37586 | Vaults:2 | Found an ancient bone altar of Kikubaaqudgha.
 37646 | Vaults:2 | Found Qawonej's Antique Armour Shop.
 38585 | Vaults:3 | Noticed an ancient lich
 38595 | Vaults:3 | Killed an ancient lich
 38596 | Vaults:3 | Reached XP level 22. HP: 175/192 MP: 22/22
 39748 | Vaults:4 | Noticed Zenata
 39753 | Vaults:4 | Killed Zenata
 40226 | Vaults:4 | Gained mutation: Your magical capacity is low. (-10% MP) [a
                  | shining eye]
 40643 | Vaults:4 | Identified the death talisman "Nilloimp" {rElec rF+ Int+4
                  | Stlth+}
 40739 | Vaults:4 | Reached skill level 27 in Polearms
 40933 | Vaults:4 | Found Zuhip's Weapon Emporium.
 41213 | Vaults:5 | Entered Level 5 of the Vaults
 41296 | Vaults:5 | Identified the ring of the Lotus Blossom {rN+ SInv}
 41305 | Vaults:5 | Identified the +2 leather armour of Sif Muna's Hope {rPois}
 41369 | Vaults:5 | Noticed a golden dragon
 41374 | Vaults:5 | Reached XP level 23. HP: 188/207 MP: 20/20
 41384 | Vaults:5 | Killed a golden dragon
 41483 | Vaults:5 | Killed a dread lich
 41752 | Vaults:5 | Got the Tractate on Different Freezing
 41754 | Vaults:5 | Identified the +7 plate armour "Aguthra" {Str+3}
 41773 | Vaults:5 | Identified the staff of Paheh {*Slow rElec rC+++ rN+ Int+4
                  | Necro}
 41792 | Vaults:5 | Identified the +2 scimitar of the Ageless Prophets {heavy,
                  | rElec rC+ Dex+4}
 41795 | Vaults:5 | Identified the +8 hand axe of Wuhilim {pain, rPois Will+
                  | rCorr}
 41800 | Vaults:5 | Identified the +0 mace "Thing" {heavy, rC++ Int-2}
 41955 | Vaults:5 | Identified the ring "Filigoin" {rF+ Str+6 Stlth+}
 42142 | Vaults:5 | Noticed Boris
 42147 | Vaults:5 | Killed Boris
 42226 | Vaults:5 | Got a silver rune of Zot
 42341 | Vaults:5 | Noticed a dread lich
 42346 | Vaults:5 | Killed a dread lich
 42353 | Vaults:5 | Noticed a dread lich
 42372 | Vaults:5 | Killed a dread lich
 42577 | Vaults:5 | Identified the +5 scale mail "Xyos" {+Inv rElec rCorr MP+9}
 42579 | Vaults:5 | Got the Secrets of Doom
 42976 | D:15     | Entered Level 15 of the Dungeon
 42985 | D:15     | Found a radiant altar of Vehumet.
 43090 | D:15     | Found a staircase to the Depths.
 43126 | Depths:1 | Entered Level 1 of the Depths
 43140 | Depths:1 | Found a corrupted altar of Lugonu.
 43210 | Depths:1 | Found a gateway to Hell.
 43327 | Depths:1 | Noticed Picukuw's ghost (veteran MfSu)
 43343 | Depths:1 | Found a transporter.
 43358 | Depths:1 | Found a transporter.
 43418 | Depths:1 | Killed Picukuw's ghost
 43634 | Depths:1 | Identified the +7 sling "Rats" {drain, *Corrode +Blink rC-
                  | Int+5}
 44480 | Depths:2 | Found a shadowy altar of Dithmenos.
 44503 | Depths:2 | Reached XP level 24. HP: 224/224 MP: 20/20
 44702 | Depths:2 | Found a hazy altar of Hepliaklqana.
 44784 | Depths:2 | Reached skill level 27 in Fighting
 44913 | Depths:3 | Noticed Boris
 44940 | Depths:3 | Killed Boris
 44973 | Depths:3 | Reached skill level 5 in Armour
 45342 | Depths:3 | You fall into a shaft and drop 1 floor!
 45342 | Depths:4 | Entered Level 4 of the Depths
 45350 | Depths:4 | Found Ephusar's Assorted Antiques.
 45361 | Depths:4 | Found Pirufomi's Book Emporium.
 45376 | Depths:4 | Bought a potion of heal wounds for 170 gold pieces
 45482 | Depths:4 | Noticed Boris
 45496 | Depths:4 | Killed Boris
 45645 | Depths:4 | Found Okhlusuhe's Book Shop.
 45681 | Depths:4 | Found a gate to the Realm of Zot.
 45805 | Zot:1    | Entered Level 1 of the Realm of Zot
 45811 | Zot:1    | Noticed an orb of fire
 46135 | Zot:3    | Noticed a curse toe
 46141 | Zot:3    | Killed a curse toe
 46417 | Zot:4    | Reached XP level 25. HP: 206/234 MP: 20/20
 46469 | Zot:4    | Reached skill level 27 in Dodging
 46824 | Zot:4    | Reached skill level 10 in Armour
 47097 | Zot:5    | Entered Level 5 of the Realm of Zot
 47228 | Zot:5    | Killed a Killer Klown
 47237 | Zot:5    | Noticed a Killer Klown
 47242 | Zot:5    | Noticed a Killer Klown
 47243 | Zot:5    | Noticed an orb of fire
 47243 | Zot:5    | Noticed an ancient lich
 47243 | Zot:5    | Noticed an orb of fire
 47243 | Zot:5    | Killed a Killer Klown
 47244 | Zot:5    | Noticed an orb of fire
 47246 | Zot:5    | Noticed a Killer Klown
 47272 | Zot:5    | Identified the +3 scimitar "Onalung" {freeze, ^Drain rElec
                  | Will+ Int+2}
 47312 | Zot:5    | Got the Orb of Zot
 47326 | Zot:5    | Killed an orb of fire
 47330 | Zot:5    | Killed a dread lich
 47333 | Zot:5    | Killed a dread lich
 47334 | Zot:5    | Noticed a Killer Klown
 47334 | Zot:5    | Noticed an orb of fire
 47334 | Zot:5    | Noticed a Killer Klown
 47334 | Zot:5    | Noticed an ancient lich
 47334 | Zot:5    | Noticed a Killer Klown
 47334 | Zot:5    | Noticed a Killer Klown
 47338 | Zot:5    | Killed a Killer Klown
 47338 | Zot:5    | Killed a Killer Klown
 47347 | Zot:5    | Killed a Killer Klown
 47347 | Zot:5    | Killed an ancient lich
 47348 | Zot:5    | Killed a Killer Klown
 47359 | Zot:5    | Noticed Wuech the pandemonium lord
 47373 | Zot:5    | Killed Wuech the pandemonium lord
 47505 | Depths:3 | Found a transporter.
 47505 | Depths:3 | Found a transporter.
 47632 | Depths:2 | Noticed Muigae the pandemonium lord
 47971 | D:$      | Escaped with the Orb!

Illustrated notes

Levels and vault maps discovered:
D:1:      onia_arrival_pyramid, layout_loops_cross,
          shapermc_ecumenical_altar_mp_ritualfount
D:2:      layout_loops_corners
D:3:      due_chaos_kobolds, layout_basic,
          nicolae_gozag_cash_rules_everything_around_me,
          mainiacjoe_overflow_small_starburst, mainiacjoe_overflow_brackets,
          serial_shops, shop, hangedman_decor_slide_cut, minmay_vboxes
D:4:      layout_gridville, bloody_trog, serial_shops, nicolae_lakefront_shop,
          gammafunk_ghost_stat_death, small_statue_intersection
D:5:      layout_basic, zin_scriptorium, chequers_serial_rivers_marsh,
          amcnicky_mini_corridor_feature, grunt_decor_one_mirror,
          serial_park_tiny_pond
D:6:      layout_cave_pools, mainiacjoe_overflow_alcove_4, serial_shops, shop,
          minmay_misc_feat_pillars, uniq_edmund, uniq_maggie
D:7:      layout_basic, led_sif_book, mainiacjoe_overflow_boulevard,
          grunt_dithmenos_smoke, minmay_temple_entry_stoned_glass,
          enter_bailey_4
D:8:      layout_gridville, xom_teletrap_fun, lemuel_doored_altar,
          nicolae_qazlal_scattered_showers, kiku_gazebo_garden_becter,
          erik_lair_orcish_takeover, serial_ice, serial_ice_k, serial_ice_b,
          serial_ice_f, serial_ice_a, minivault_26, uniq_psyche, uniq_joseph,
          uniq_erica
D:9:      layout_cave_pools, kennysheep_little_box, serial_shops,
          nicolae_shop_rolling_square, nicolae_shop_behind_doors,
          nicolae_shop_crystal, nicolae_square_shop, shop, minivault_14,
          uniq_pikel, uniq_grum, uniq_jeremiah
D:10:     layout_basic, mainiacjoe_overflow_surrounded_room, david_orc_3
D:11:     layout_basic, uniq_lodul, uniq_gastronok, uniq_harold, uniq_fannar
D:12:     layout_basic
D:13:     minmay_connected_triangles_in_corner, layout_basic, grunt_livestock,
          lemuel_nasty_fountain
D:14:     layout_small_grid, david_vaults_5, gammafunk_ghost_fury_of_okawaru,
          cheibriados_altar_1, minmay_fractal_squares_diagonal_5, uniq_frances
D:15:     hellmonk_depths_entry_around_the_bend, layout_loops_ring,
          nicolae_vehumet_radiance
Lair:1:   layout_roguey
Lair:2:   layout_gridlike, nicolae_spider_entry_lesser_pyramids,
          beast_lair_carwin_5, wad_woods_river_01, uniq_nergalle
Lair:3:   layout_small_grid, shoals_dummy_entry, gammafunk_ghost_abyssal_escape,
          gauntlet_entry_generic
Lair:4:   layout_regular_city, slime_entry_1, serial_bayou, serial_bayou_ford_a,
          serial_bayou_shore_a, serial_bayou_pond_c, serial_bayou_pond_d,
          gammafunk_ghost_cemetery, kilobyte_rumbling_trees, uniq_nessos
Lair:5:   grunt_lair_end_beastmaster, layout_small_grid, evilmike_ambush
          [evilmike_ambush_outer_basic, evilmike_ambush_inner_basic],
          grunt_megastairs_1
Shoals:1: layout_shoals, nicolae_shoals_square_sea_wall, argonaut_gorgonesque
Shoals:2: layout_shoals, nicolae_shoals_mertower, uniq_kirke, uniq_ilsuiw,
          uniq_roxanne
Shoals:3: layout_shoals, serial_shops, shop_statue,
          nicolae_shoals_bring_sunscreen
Shoals:4: shoals_end_hangedman, layout_shoals, uniq_bai_suzhen
Spider:1: layout_chambers, special_room [special_room_bee],
          nicolae_spider_swamp_cousins, uniq_aizul
Spider:2: layout_chambers, uniq_azrael, uniq_agnes, uniq_arachne
Spider:3: layout_cave_pods
Spider:4: spider_rune_water, nicolae_spider_paper_wasps
Orc:1:    layout_caves, hangedman_minor_magic
Orc:2:    pubby_orc_utopia, serial_shops, uniq_jorgrun
Elf:1:    minmay_elf_arrival_circle, layout_gridlike, hangedman_elf_represent
Elf:2:    elven_hall_of_blades_hangedman_original
          [nicolae_blade_entry_splitting_headache], layout_loops_corners,
          portal_desolation_entry_nicolae_nacl, ebering_ghost_gozag
Elf:3:    grunt_elf_hall_spiral, layout_geoelf_grid, minmay_elf_sorcery
Vaults:1: nzn_ghost_randoct, dpeg_vaults_monster_box,
          nicolae_vaults_closet_pinwheel_1, ontoclasm_vaults_spin, v_misc_23,
          vaults_room_pools, layout_vaults_chaotic_city, serial_shops,
          bzr_entry_gold
Vaults:2: hangedman_vaults_cutoff, minmay_crypt_entry_necro_gods,
          nicolae_vaults_six-pack, v_rooms_3, nicolae_vaults_wine_cellar,
          nicolae_vaults_variable_pillar_hall_cross,
          nicolae_vaults_border_crossing, nicolae_vaults_shelves_hall,
          nicolae_vaults_crenellated_ambush, nicolae_vaults_hallways_thing,
          ontoclasm_vaults_eye, v_misc_8, nicolae_vaults_apartment_1,
          layout_vaults_maze, serial_shops, nicolae_shop_window_shopping,
          uniq_margery, uniq_saint_roka
Vaults:3: vaults_room_octagon, hangedman_vaults_locks, vaults_room_grid,
          v_pattern_4, serial_library_hellmonk_semicircle,
          nicolae_vaults_closet_pinwheel_4, v_misc_8, nicolae_vaults_theta,
          layout_vaults_omnigrid
Vaults:4: vaults_dpeg_cross, st_greater_box_5, nicolae_vaults_little_squares_3,
          nicolae_vaults_closet_pinwheel_6, nicolae_vaults_trapezoid_lopsided_4,
          ontoclasm_vaults_twist, nicolae_vaults_diagonal_hallway_9,
          nicolae_vaults_mini_display_case, grunt_vaults_hallway_long,
          nicolae_vaults_asterisk, nicolae_vaults_doubleplus_tesselated,
          v_misc_11, nicolae_vaults_sightless_eye,
          nicolae_vaults_little_squares_5, vaults_mumra_minichess_inversion,
          layout_vaults_omnibox, serial_shops, nicolae_shop_real_fake_doors,
          uniq_zenata
Vaults:5: serial_shops, uniq_boris
Depths:1: layout_basic, grunt_hell_entry_dis_mu, gammafunk_ghost_arena,
          hangedman_abyss_or_decor_clamps, tgw_lugonu_bribe,
          kennysheep_random_hallway
Depths:2: cheibrodos_leafed_vault, layout_cave_pools, grunt_pan_entry_zigzag,
          basic_altar, hell_entry, nicolae_hepliaklqana_monster_ancestors
Depths:3: gammafunk_jiyva_shrine, layout_basic, enter_ziggurat_a, abyss_entry,
          hell_entry, minmay_misc_feat_cross, nicolae_titane
Depths:4: grunt_zot_entry_tricorne, layout_cave_pools, serial_shops,
          bzr_firewalk, shop, shop, shop, nicolae_book_shop_shelving,
          hangedman_decor_diamond_cutter, pf_hell_entry_tar_spiral,
          chequers_jeans
Zot:1:    layout_gridlike, regret_index_zotdec_carving_tricks,
          grunt_ministairs_7
Zot:2:    infiniplex_zot_generator, layout_misc_corridors, lemuel_golem_globe
Zot:3:    layout_basic
Zot:4:    nicolae_moth_party, layout_onion_interference
Zot:5:    layout_onion

Skill      XL: |  1  2  3  4  5  6  7  8  9 10 11 12 13 14 15 16 17 18 19 20 21 22 23 24 25 |
---------------+----------------------------------------------------------------------------+-----
Polearms       | 3 4 6 8 9 12 15 17 18 21 23 26 27 | 27.0
Fighting       | 4 5 6 7 9 11 12 15 17 20 23 26 27 | 27.0
Dodging        | 4 9 16 20 23 26 27 | 27.0
Shields        | 5 10 11 16 19 21 | 21.7
Armour         | 4 7 12 | 12.4

Action                     |  1- 3 |  4- 6 |  7- 9 | 10-12 | 13-15 | 16-18 | 19-21 | 22-24 | 25-27 || total
---------------------------+-------+-------+-------+-------+-------+-------+-------+-------+-------++-------
  Melee: Trident           |    96 |   163 |   430 |  1075 |  1403 |       |       |       |       ||  3167
         Tailslap          |       |       |     2 |       |    10 |     3 |    11 |       |       ||    26
         Demon trident     |       |       |       |       |   380 |  1137 |  1449 |  1164 |   289 ||  4419
  Throw: Dart              |       |     4 |     5 |     4 |       |       |       |       |       ||    13
         Throwing net      |       |       |     2 |       |     1 |       |       |       |       ||     3
 Invoke: Call Merchant     |       |       |       |       |     3 |     3 |       |       |       ||     6
         Potion Petition   |       |       |       |       |       |     3 |     1 |       |     3 ||     7
         Bribe Branch      |       |       |       |       |       |       |       |     1 |     3 ||     4
  Evoke: Wand              |       |     2 |    17 |     5 |     6 |     3 |     5 |       |       ||    38
         Lightning rod     |       |       |       |       |     4 |     3 |     7 |     1 |       ||    15
         Sack of spiders   |       |       |       |       |       |     1 |       |       |       ||     1
         Condenser vane    |       |       |       |       |       |       |     1 |     1 |       ||     2
    Use: Scroll            |       |     7 |    10 |     7 |    13 |    16 |    17 |     8 |     6 ||    84
         Potion            |       |     2 |    12 |    11 |     6 |    10 |     5 |     1 |     2 ||    49
   Stab: Distracted        |       |     1 |       |     7 |     9 |    22 |    23 |    20 |     6 ||    88
         Held in net/web   |       |       |     2 |       |       |       |       |       |       ||     2
         Invisible         |       |       |     1 |     3 |       |     3 |       |       |       ||     7
         Petrified         |       |       |       |       |     4 |     4 |       |       |       ||     8
         Paralysed         |       |       |       |       |     1 |       |       |       |       ||     1
         Petrifying        |       |       |       |       |       |     2 |       |       |       ||     2
 Armour: Scale mail        |    41 |    82 |    95 |       |       |       |       |       |       ||   218
         Skin              |       |     4 |     9 |       |       |       |       |       |       ||    13
         Swamp dragon scal |       |       |    62 |    92 |       |       |       |       |       ||   154
         Chain mail        |       |       |       |   212 |   239 |   225 |   238 |   234 |    72 ||  1220
  Dodge: Dodged            |    24 |    47 |    71 |   301 |   434 |   339 |   444 |   353 |   154 ||  2167
  Block: Buckler           |    15 |    22 |   129 |    93 |       |       |       |       |       ||   259
         Reflection        |       |       |     8 |    14 |     8 |    85 |   126 |    65 |     1 ||   307
         Kite shield       |       |       |       |   347 |  1092 |   816 |    18 |       |       ||  2273
         Tower shield      |       |       |       |       |       |       |  1822 |  1337 |   455 ||  3614

Table legend: (Time is in decaauts)
 A = Elapsed time spent in this place.
 B = Non-inter-level travel time spent in this place.
 C = Inter-level travel time spent in this place.
 D = Time resting spent in this place.
 E = Time spent auto-exploring this place.
 F = Levels seen in this place.
 G = Mean time per level.
                   A        B        C        D        E       F      G
               +--------+--------+--------+--------+--------+-----+--------+
         Total |  45732 |  41554 |   4178 |   1397 |  29139 |  51 |  896.7 |
       Dungeon |  13273 |  11541 |   1732 |    498 |   8439 |  15 |  884.9 |
          Lair |   5140 |   4540 |    600 |      2 |   3368 |   5 | 1028.0 |
        Shoals |   2774 |   2480 |    294 |      0 |   1744 |   4 |  693.5 |
   Spider Nest |   4492 |   4397 |     95 |     71 |   3479 |   4 | 1123.0 |
  Orcish Mines |   2986 |   2715 |    271 |     49 |   1614 |   2 | 1493.0 |
   Elven Halls |   2675 |   2463 |    212 |     45 |   1765 |   3 |  891.7 |
        Vaults |   7756 |   7293 |    463 |    154 |   5336 |   5 | 1551.2 |
        Depths |   2854 |   2568 |    286 |     58 |   1628 |   4 |  713.5 |
           Zot |   1612 |   1390 |    222 |    396 |    411 |   5 |  322.4 |
        Bazaar |     91 |     91 |      0 |      0 |     72 |   1 |   91.0 |
        Bailey |    391 |    391 |      0 |      0 |    268 |   1 |  391.0 |
    Desolation |   1148 |   1148 |      0 |      0 |    810 |   1 | 1148.0 |
      Gauntlet |    535 |    535 |      0 |    123 |    203 |   1 |  535.0 |
               +--------+--------+--------+--------+--------+-----+--------+

Top non-repeatable levels by time:
   Orc:2: 2090 daAuts
Vaults:4: 2049 daAuts
Vaults:5: 1539 daAuts
Vaults:1: 1450 daAuts
     D:8: 1447 daAuts
Vaults:2: 1396 daAuts
   Elf:3: 1353 daAuts
Vaults:3: 1320 daAuts
     D:3: 1307 daAuts
Depths:1: 1256 daAuts
Spider:1: 1234 daAuts
  Lair:2: 1231 daAuts
Spider:4: 1217 daAuts
  Lair:5: 1210 daAuts
    D:14: 1173 daAuts
